Map: Ulrena

Players

bigceruza

  • Race: Terran Terran
  • League: Gold
  • Spawn Location: 7:00

zidar - Winner!

  • Race: Zerg Zerg
  • League: Gold
  • Spawn Location: 11:00

VOD

Have the link to the VOD?

Description

Time

  • Played on: July 8, 2016, 12:41 p.m.
  • Length: 6:07
Show
View Real Time Build Order
Export as new Build Order

bigceruza Terran 

Build Orders:  

Get SALT Encoding   

  12  0:01  SCV  
  13  0:13  SCV  
  14  0:20  Supply Depot  
  14  0:25  SCV  
  15  0:42  SCV  
  16  0:43  Barracks  
  16  0:53  Refinery  
  16  0:54  SCV  
  17  1:06  SCV  
  18  1:12  Refinery  
  18  1:20  SCV  
  19  1:30  Supply Depot  
  19  1:41  Orbital Command  
  19  1:43  Barracks Reactor  
  19  2:02  Factory  
  19  2:15  SCV  
  20  2:28  Marine x2, SCV  
  23  2:30  Supply Depot  
  23  2:40  SCV  
  24  2:56  Starport  
  24  3:04  SCV  
  25  3:10  Marine  
  30  3:15  Widow Mine x2  
  30  3:18  SCV  
  31  3:20  Command Center  
  31  3:32  Medivac  
  37  3:44  Widow Mine x2  
  37  3:52  Marine, SCV  
  35  4:21  Marine  
  35  4:23  SCV  
  37  4:28  Barracks x2  
  37  4:30  Barracks  
  37  4:37  Liberator  
  38  5:00  SCV  
  29  5:30  Marine x4  
  29  5:32  SCV  
  29  5:35  Orbital Command  
  31  5:44  SCV  
  31  5:48  Marine  
Show
View Real Time Build Order
Export as new Build Order

zidar Zerg - Winner!

Build Orders: Pool First 

Get SALT Encoding   

  12  0:01  Drone  
  13  0:12  Overlord  
  13  0:17  Drone  
  14  0:30  Drone x2  
  16  0:42  Spawning Pool  
  15  0:45  Drone  
  16  1:16  Hatchery, Drone  
  16  1:19  Extractor  
  16  1:20  Drone x2  
  17  1:34  Queen  
  19  1:41  Drone x2  
  21  1:54  Roach Warren  
  20  1:57  Drone  
  21  2:28  Queen  
  23  2:32  Queen  
  25  2:37  Overlord  
  25  2:38  Overlord  
  24  2:57  Roach x4  
  32  2:59  Roach  
  32  3:05  Roach  
  36  3:21  Drone x4  
  40  3:29  Ravager  
  40  3:32  Ravager  
  42  3:50  Roach  
  44  4:13  Overlord x2  
  44  4:14  Overlord x2  
  44  4:48  Roach x7  
  58  4:59  Spore Crawler  
  54  5:30  Ravager  
Tags
 
League
GoldGold
Matchup
TvZ
Opening
Pool First
Spawn Locations
Close Positions
Add a new tag
Caveats
  • Supply blocks, unpowered buildings, or Contaminate may cause inaccurate times.
  • Supply counts are checked every 10 seconds.